 Dungeon Crawl Stone Soup version 0.20.0-1-g1cb1d84 (webtiles) character file.

70 straycat the Gusty (level 4, -4/34 HPs)
             Began as a Vampire Wanderer on May 26, 2017.
             Slain by a gnoll
             ... wielding a +0 spear
              (5 damage)
             ... on level 2 of the Dungeon.
             The game lasted 00:16:37 (2779 turns).

straycat the Gusty (Vampire Wanderer)               Turns: 2779, Time: 00:16:38

Health: -4/34      AC:  1    Str: 12    XL:     4   Next: 3%
Magic:  0/8        EV: 12    Int: 12    God:
Gold:   37         SH:  0    Dex: 15    Spells: 4/9 levels left

rFire    . . .     SeeInvis +   r - +0 war axe
rCold    . . .     Gourm    .   (no shield)
rNeg     + . .     Faith    .   g - -2 robe
rPois    .         Spirit   +   (no helmet)
rElec    .         Reflect  .   s - +0 cloak
rCorr    .         Harm     .   (no gloves)
MR       .....                  (no boots)
Stlth    ++........             n - amulet of guardian spirit
Regen    0.2/turn               q - ring of stealth
MPRegen  0.2/turn               (no ring)

@: about to teleport
A: fangs 3, see invisible, unbreathing
a: Bat Form


You were on level 2 of the Dungeon.
You were not thirsty.

You visited 1 branch of the dungeon, and saw 2 of its levels.

You collected 37 gold pieces.

Inventory:

Hand Weapons
 d - a +0 dagger
 o - a +0 hunting sling
 r - a +0 war axe (weapon)
Missiles
 f - 7 sling bullets
 i - 72 stones (quivered)
 j - 4 tomahawks
 t - 16 poisoned needles
Armour
 c - a +0 robe
 g - a -2 robe (worn)
 s - a +0 cloak (worn)
 u - a +0 ring mail
Jewellery
 n - an amulet of guardian spirit (around neck)
 q - a ring of stealth (left hand)
Scrolls
 h - 2 scrolls of identify
 k - a scroll of recharging
 p - a scroll of remove curse
Potions
 b - 3 potions of curing
 e - 5 potions of blood
 m - 3 potions of heal wounds
 v - a potion of agility {unknown}
Books
 a - a book of Minor Magic

   Spells                             Type                      Level
   a - Magic Dart                     Conjuration                  1
   b - Blink                          Translocation                2
   c - Call Imp                       Summoning                    2
   d - Slow                           Hexes                        2
   e - Conjure Flame                  Conjuration/Fire             3
   f - Mephitic Cloud                 Conjuration/Poison/Air       3


   Skills:
 * Level 2.9 Fighting
 - Level 1.0 Throwing
 + Level 1.5 Dodging
 - Level 3.0 Spellcasting
 - Level 2.0 Summonings
   Level 3.0 Air Magic
   Level 1.0 Evocations


You had 4 spell levels left.
You knew the following spells:

 Your Spells              Type           Power        Failure   Level  Hunger
a - Magic Dart            Conj           #...         24%         1    #......
b - Slow                  Hex            #.......     36%         2    ###....
c - Call Imp              Summ           #.......     16%         2    ###....


Dungeon Overview and Level Annotations

Branches:
Dungeon (2/15)

Altars:
Ru


Innate Abilities, Weirdness & Mutations

You have razor-sharp teeth.
You have supernaturally acute eyesight. (SInv)
You can survive without breathing.


Message History

The gnoll barely misses you.
The gnoll hits you from afar with a spear!
The gnoll hits you.
The gnoll hits you from afar with a spear!
Your magical contamination has completely faded away.
The gnoll hits you!
* * * LOW HITPOINT WARNING * * *
As you read the scroll of teleportation, it crumbles to dust.
You feel strangely unstable.
The gnoll shouts!
The gnoll hits you.
* * * LOW HITPOINT WARNING * * *
The gnoll hits you from afar with a spear.
* * * LOW HITPOINT WARNING * * *
Number of times to repeat, then command key: You must enter the number of times for the command to repeat.
The gnoll hits you with a club.
* * * LOW HITPOINT WARNING * * *
The gnoll hits you from afar with a spear.
You die...

#.# #. ###...##.. ##.# #.
######......... #..# #.
#...........).. #.##
#.##.............. ####.#
#..#.............. #....#
##................ #....#
##........#........
#....###.g.....###.....#..
##.รท...#.@##.###..........
#.....gg.##.###.#....###.
#.....g####.##..#........
##...).## #..#......#....
#......# ##.....####.###
#......# #.....####.##.
#...#### #...##........
#....## ......#..##.####
#..... ..#..........#


You could see 3 gnolls and a hobgoblin.

Vanquished Creatures
  Jessica (D:2)
  A worm (D:2)
  A dart slug (D:1)
  2 leopard geckos (D:1)
  A giant cockroach (D:2)
  5 goblins
  5 hobgoblins
  2 kobolds
  2 quokkas (D:2)
  3 ball pythons
  6 bats
  A frilled lizard (D:1)
  3 rats
33 creatures vanquished.

Vanquished Creatures (collateral kills)
  A giant cockroach (D:1)
  A hobgoblin (D:1)
2 creatures vanquished.

Grand Total: 35 creatures vanquished

Notes
Turn   | Place    | Note
-------+----------+-------------------------------------------
     0 | D:1      | straycat the Vampire Wanderer began the quest for the Orb.
     0 | D:1      | straycat set off with: a book of Minor Magic, 2 potions of curing, a +0 robe, a +0 dagger, a potion of blood
     0 | D:1      | Reached XP level 1. HP: 13/13 MP: 4/4
     3 | D:1      | Learned a level 1 spell: Magic Dart
   146 | D:1      | Reached skill level 1 in Fighting
   451 | D:1      | Reached XP level 2. HP: 5/21 MP: 0/6
   461 | D:1      | Learned a level 2 spell: Slow
   670 | D:1      | Learned a level 2 spell: Call Imp
  1881 | D:2      | Reached XP level 3. HP: 19/27 MP: 1/7
  2253 | D:2      | Found a sacrificial altar of Ru.
  2255 | D:2      | Noticed Jessica
  2271 | D:2      | Killed Jessica
  2271 | D:2      | Reached skill level 1 in Dodging
  2648 | D:2      | Reached XP level 4. HP: 29/34 MP: 1/8
  2779 | D:2      | HP: 1/34 [gnoll/club (1)]
  2779 | D:2      | Slain by a gnoll

Skill      XL: |  1  2  3 |
---------------+----------+-----
Fighting       | 1 2 |  2.9
Dodging        | 1 |  1.5
Throwing       | |  1.0
Spellcasting   | |  3.0
Summonings     | |  2.0
Air Magic      | |  3.0
Evocations     | |  1.0

Action                   |  1- 3 |  4- 6 || total
-------------------------+-------+-------++-------
Melee: Dagger            |    70 |       ||    70
       Bite              |     6 |       ||     6
       War axe           |     3 |     2 ||     5
 Fire: Hunting sling     |     2 |       ||     2
 Cast: Magic Dart        |    65 |     4 ||    69
       Call Imp          |     6 |       ||     6
       Slow              |     1 |       ||     1
  Use: Potion            |     8 |       ||     8
       Scroll            |     4 |     1 ||     5
 Stab: Sleeping          |     1 |       ||     1
Armor: Robe              |    29 |     1 ||    30
Dodge: Dodged            |    63 |     5 ||    68
